 Dungeon Crawl Stone Soup version 0.23.2 (webtiles) character file.

Game seed: 4383227003036038376

4971 Acheron the Spear-Bearer (level 10, 0/73 HPs)
             Began as a Merfolk Skald on Apr 9, 2019.
             Was an Elder of Okawaru.
             Slain by a vampire mosquito (12 damage)
             ... on level 1 of the Lair of Beasts.
             The game lasted 01:22:08 (11044 turns).

Acheron the Spear-Bearer (Merfolk Skald)           Turns: 11044, Time: 01:22:09

Health: 0/73       AC:  6    Str: 11    XL:     10   Next: 53%
Magic:  6/17       EV: 20    Int: 16    God:    Okawaru [****..]
Gold:   421        SH:  7    Dex: 18    Spells: 7/18 levels left

rFire    . . .     SeeInvis .   j - +3 spear (venom)
rCold    . . .     Gourm    .   a - +0 buckler
rNeg     . . .     Faith    .   b - +0 leather armour
rPois    +         Spirit   .   U - +1 hat
rElec    .         Reflect  .   H - scarf {repulsion}
rCorr    .         Harm     .   (no gloves)
MR       .....                  E - +0 pair of boots
Stlth    ++++......             (no amulet)
HPRegen  0.22/turn              h - ring of poison resistance
MPRegen  0.15/turn              n - +4 ring of dexterity

@: heroism, infused, repel missiles
A: change form in water, swift swim, stealthy swim
a: Heroism, Renounce Religion


You were on level 1 of the Lair of Beasts.
You worshipped Okawaru.
Okawaru was greatly pleased with you.
You were hungry.

You visited 3 branches of the dungeon, and saw 12 of its levels.

You collected 421 gold pieces.

Inventory:

Hand Weapons
 e - a +1 dagger of venom
 j - a +3 spear of venom (weapon)
 l - a +0 trident
 q - a +0 hunting sling
 t - a +0 rapier
 A - a +1 shortbow of velocity
 I - a +3 quarterstaff of chaos
 J - a +0 war axe
 R - a cursed +4 hand axe
Missiles
 g - 204 stones (quivered)
 B - 64 arrows
 K - 6 needles of confusion
 O - 2 throwing nets
 P - 33 poisoned needles
Armour
 a - a +0 buckler (worn)
 b - a +0 leather armour (worn)
 u - a scarf of resistance
 C - a +1 cloak
 E - a +0 pair of boots (worn)
 H - a scarf of repulsion (worn)
 U - a +1 hat (worn)
Jewellery
 h - a ring of poison resistance (left hand)
 i - an uncursed ring of magical power
 n - a +4 ring of dexterity (right hand)
 D - a +3 ring of dexterity
Wands
 x - a wand of polymorph (4)
 G - a wand of enslavement (6)
 L - a wand of scattershot (4)
Scrolls
 c - a scroll of blinking
 w - 2 scrolls of remove curse
 y - a scroll of teleportation
 F - 2 scrolls of amnesia
 M - 2 scrolls of immolation
 N - a scroll of fog
 T - 2 scrolls of fear
Potions
 f - 4 potions of lignification
 k - 4 potions of curing
 m - a potion of haste {unknown}
 p - a potion of cancellation
 r - a potion of berserk rage {unknown}
 s - a potion of flight {unknown}
 v - a potion of ambrosia {unknown}
 z - 3 potions of brilliance
 Q - 2 potions of mutation {unknown}
 S - 3 potions of invisibility {unknown}
Comestibles
 d - 14 rations


   Skills:
 * Level 4.7(9.7) Fighting
 * Level 2.5(7.5) Short Blades
 * Level 8.5(13.5) Polearms
 + Level 0.7(6.4) Slings
 * Level 2.2(7.3) Throwing
 * Level 3.0(8.0) Armour
 * Level 6.0(11.0) Dodging
 * Level 5.0(10.0) Stealth
 * Level 3.2(8.2) Shields
 * Level 4.7 Spellcasting
 * Level 3.0 Hexes
 + Level 5.7 Charms
 * Level 3.3 Translocations
 * Level 2.1 Transmutations
 * Level 3.7 Invocations
 * Level 3.9 Evocations


You had 7 spell levels left.
You knew the following spells:

 Your Spells              Type           Power        Failure   Level  Hunger
a - Apportation           Tloc           ##....       5%          1    None
b - Shroud of Golubria    Chrm/Tloc      ###.......   4%          2    ##.....
c - Infusion              Chrm           ###.         1%          1    None
d - Spectral Weapon       Hex/Chrm       ###.....     10%         3    ###....
e - Song of Slaying       Chrm           ###.....     2%          2    ##.....
f - Passwall              Tmut/Erth      #.......     21%         2    ##.....

Your spell library contained the following spells:

 Spells                   Type           Power        Failure   Level  Hunger
 Regeneration             Chrm/Necr      ##........   19%         3    ###....
 Sandblast                Erth           #.....       21%         1    None
 Stone Arrow              Conj/Erth      #.....       52%         3    ###....
 Petrify                  Tmut/Erth      #.......     78%         4    ####...
 Lee's Rapid Deconstruct  Erth           #.........   99%         5    ######.


Dungeon Overview and Level Annotations

Branches:
Dungeon (10/15)            Temple (1/1) D:4            Lair (1/6) D:9
    Orc: D:9-12

Altars:
Ashenzari
Cheibriados
Dithmenos
Elyvilon
Fedhas
Gozag
Hepliaklqana
Kikubaaqudgha
Makhleb
Nemelex Xobeh
Okawaru
Qazlal
Ru
Sif Muna
Trog
Uskayaw
Wu Jian
Xom
Yredelemnul
Zin
The Shining One

Annotations:
D:3 exclusion: downstairs
D:4 Menkaure
D:7 exclusions: downstairs and upstairs
D:8 Erica, Harold
D:9 Erolcha, Joseph


Message History

Space distorts slightly along a thin shroud covering your body.
Your shroud bends the vampire mosquito's attack away!
The vampire mosquito bites you!
* * * LOW HITPOINT WARNING * * *
The vampire mosquito draws strength from your injuries!
Your shroud falls apart!
You feel better. The vampire mosquito misses you.
You block the vampire mosquito's attack.
You hit the vampire mosquito!
The vampire mosquito is moderately damaged.
The vampire mosquito completely misses you.
You gain the combat prowess of a mighty hero.
The vampire mosquito closely misses you.
The vampire mosquito bites you!
* * * LOW HITPOINT WARNING * * *
The vampire mosquito draws strength from your injuries!
You puncture the vampire mosquito!
The vampire mosquito is heavily damaged.
The vampire mosquito bites you!
You die...

#
.###################.#..
........................
.......................
............y@######.##≈
#..####........#.......
.S.......#####.#.......
......P..## #...PP#
......#...# #..........
......#..## ##..##.P+##
......#..# .... ..>.
.........# ##.#.. ... .
......#..# #.#.. ..


You could see a vampire mosquito.

Vanquished Creatures
  Maurice (D:8)
  Prince Ribbit (D:8)
  A hippogriff (D:7)
  2 wyverns (D:9)
  2 basilisks (D:9)
  2 water moccasins
  An ice beast (D:9)
  A porcupine (D:9)
  4 sky beasts
  A black bear (D:7)
  A necrophage (D:6)
  3 ogres
  4 wolves (Lair:1)
  2 centaurs
  2 crocodiles (D:9)
  A big kobold (D:6)
  Blork the orc (D:4)
  5 bullfrogs
  3 wights (D:9)
  2 howler monkeys
  An electric eel (D:7)
  2 jellies
  4 crimson imps
  A centaur zombie (D:9)
  A bullfrog zombie (D:5)
  Crazy Yiuf (D:5)
  An orc priest (D:7)
  3 hounds
  A quasit (D:7)
  A centaur skeleton (D:4)
  Ijyb (D:4)
  5 orc wizards
  Natasha (D:4)
  2 iguanas
  5 worker ants
  A hound skeleton (D:6)
  4 gnolls (D:5)
  12 adders
  2 howler monkey skeletons
  4 shadow imps
  2 adder skeletons
  4 worms
  2 dart slugs (D:1)
  2 leopard geckos
  15 orcs
  2 ball pythons
  3 bats
  2 giant cockroaches
  5 goblins
  2 hobgoblins
  6 jackals (D:6)
  7 quokkas
  A frilled lizard (D:4)
  A jackal zombie (D:6)
  5 kobolds
  A quokka skeleton (D:5)
  7 rats
160 creatures vanquished.

Vanquished Creatures (others)
  2 porcupines (D:9)
  An ogre (D:9)
  A bullfrog (D:9)
  An iguana (D:9)
  A hound skeleton (D:9)
  An adder (D:9)
  A quokka (D:9)
  A bush (D:9)
  3 fungi (D:9)
  8 plants (D:9)
20 creatures vanquished.

Grand Total: 180 creatures vanquished

Notes
Turn   | Place    | Note
-------+----------+-------------------------------------------
     0 | D:1      | Acheron the Merfolk Skald began the quest for the Orb.
     0 | D:1      | Reached XP level 1. HP: 16/16 MP: 3/3
   563 | D:1      | Reached XP level 2. HP: 19/22 MP: 1/5
   789 | D:1      | Learned a level 2 spell: Shroud of Golubria
   792 | D:1      | Learned a level 2 spell: Song of Slaying
  1463 | D:3      | Reached skill level 1 in Stealth
  1463 | D:3      | Reached XP level 3. HP: 25/27 MP: 2/6
  1624 | D:4      | Noticed Menkaure
  2347 | D:2      | Reached XP level 4. HP: 34/34 MP: 3/7
  2802 | D:3      | Reached skill level 4 in Polearms
  3234 | D:4      | Noticed Blork the orc
  3244 | D:4      | Killed Blork the orc
  3244 | D:4      | Reached skill level 1 in Armour
  3244 | D:4      | Reached skill level 1 in Evocations
  3244 | D:4      | Reached XP level 5. HP: 7/39 MP: 0/8
  3420 | D:4      | Noticed Natasha
  3438 | D:4      | Killed Natasha
  3631 | D:4      | Noticed Ijyb
  3635 | D:4      | Killed Ijyb
  3643 | D:4      | Reached skill level 1 in Translocations
  3680 | D:4      | Found a staircase to the Ecumenical Temple.
  3690 | Temple   | Entered the Ecumenical Temple
  3852 | Temple   | Became a worshipper of Warmaster Okawaru
  3975 | D:5      | Entered Level 5 of the Dungeon
  3982 | D:5      | Reached XP level 6. HP: 46/46 MP: 4/9
  4296 | D:6      | Noticed a sky beast
  4369 | D:7      | Reached skill level 5 in Polearms
  4379 | D:7      | Reached XP level 7. HP: 6/52 MP: 2/10
  4990 | D:7      | Learned a level 3 spell: Spectral Weapon
  5651 | D:8      | Noticed a hippogriff
  5667 | D:7      | Noticed a hippogriff
  6174 | D:6      | Reached * piety under Okawaru
  6174 | D:6      | Reached skill level 1 in Hexes
  6181 | D:6      | Reached skill level 1 in Shields
  6188 | D:6      | Reached skill level 1 in Invocations
  6188 | D:6      | Reached XP level 8. HP: 49/58 MP: 1/12
  6525 | D:6      | Reached skill level 6 in Polearms
  6525 | D:6      | Reached skill level 5 in Charms
  6817 | D:5      | Found a runed translucent door.
  6821 | D:5      | Noticed Crazy Yiuf
  6826 | D:5      | Killed Crazy Yiuf
  7306 | D:5      | Found a deep blue altar of Sif Muna.
  7319 | D:5      | Identified Sif Muna's Catalogue of Displacement
  7343 | D:5      | Learned a level 1 spell: Apportation
  7500 | D:6      | Reached ** piety under Okawaru
  7621 | D:6      | Reached skill level 7 in Polearms
  7708 | D:6      | Reached XP level 9. HP: 64/64 MP: 2/14
  8113 | D:6      | Learned a level 2 spell: Passwall
  8159 | D:8      | Noticed Erica
  8691 | D:7      | Reached skill level 1 in Short Blades
  8691 | D:7      | Reached skill level 5 in Dodging
  8698 | D:7      | Reached *** piety under Okawaru
  8967 | D:8      | Noticed Maurice
  8980 | D:8      | Killed Maurice
  8980 | D:8      | Reached skill level 1 in Throwing
  8999 | D:8      | Noticed Harold
  9110 | D:8      | Noticed Prince Ribbit
  9146 | D:8      | Killed Prince Ribbit
  9235 | D:9      | Noticed Erolcha
  9430 | D:9      | Reached skill level 8 in Polearms
  9430 | D:9      | Reached skill level 1 in Transmutations
  9435 | D:9      | Found a glowing silver altar of Zin.
  9437 | D:9      | Found a shimmering altar of Xom.
  9437 | D:9      | Found a hide-covered altar of Uskayaw.
  9437 | D:9      | Found an opulent altar of Gozag.
  9504 | D:9      | Reached XP level 10. HP: 59/72 MP: 4/16
  9862 | D:9      | Noticed Joseph
 10034 | D:9      | Reached **** piety under Okawaru
 10274 | D:10     | Entered Level 10 of the Dungeon
 10679 | D:9      | Reached skill level 5 in Stealth
 10688 | D:9      | Found a staircase to the Lair.
 10703 | Lair:1   | Entered Level 1 of the Lair of Beasts
 11044 | Lair:1   | Slain by a vampire mosquito

Skill      XL: |  1  2  3  4  5  6  7  8  9 10 |
---------------+-------------------------------+-----
Stealth        | 1 2 3 4 5 |  5.0
Dodging        | 3 4 5 6 |  6.0
Polearms       | 4 5 7 8 |  8.5
Armour         | 1 2 3 |  3.0
Charms         | 4 5 |  5.7
Evocations     | 1 2 3 |  3.9
Translocations | 1 2 3 |  3.3
Fighting       | 3 4 |  4.7
Hexes          | 1 2 3 |  3.0
Shields        | 1 2 3 |  3.2
Invocations    | 1 2 3 |  3.7
Spellcasting   | 3 4 |  4.7
Short Blades   | 2 |  2.5
Throwing       | 1 2 |  2.2
Transmutations | 1 2 |  2.1
Slings         | |  0.7

Action                   |  1- 3 |  4- 6 |  7- 9 | 10-12 || total
-------------------------+-------+-------+-------+-------++-------
Melee: Spear             |    91 |    94 |   251 |   136 ||   572
       Trident           |       |       |   119 |       ||   119
       Dagger            |       |       |     2 |    17 ||    19
       Tailslap          |       |       |     3 |       ||     3
 Fire: Hunting sling     |       |       |    10 |       ||    10
Throw: Stone             |       |       |     2 |       ||     2
 Cast: Infusion          |    25 |    14 |    50 |    11 ||   100
       Shroud of Golubri |     1 |     2 |    22 |    13 ||    38
       Apportation       |       |       |     1 |       ||     1
Invok: Heroism           |       |       |     1 |     2 ||     3
Evoke: Wand              |       |     5 |     8 |       ||    13
  Use: Scroll            |     5 |     5 |     6 |     1 ||    17
       Potion            |       |       |       |     2 ||     2
 Stab: Sleeping          |     2 |       |     3 |     2 ||     7
       Distracted        |       |       |     1 |     1 ||     2
  Eat: Ration            |     1 |     1 |     2 |       ||     4
       Chunk             |     2 |     4 |    13 |     2 ||    21
Armor: Leather armour    |    22 |    17 |    79 |    17 ||   135
       Scale mail        |       |       |    14 |       ||    14
Dodge: Dodged            |    58 |    60 |   184 |   104 ||   406
       Deflected         |       |       |     2 |       ||     2
Block: Buckler           |       |       |    67 |    39 ||   106
